 Dungeon Crawl Stone Soup version 0.25-a0-665-ga69d64035b (webtiles) character file.

Game seed: 1396437455164798261, levelgen mode: deterministic

112 n0claF the Chopper (level 4, -4/41 HPs)
             Began as a Hill Orc Fighter on Mar 26, 2020.
             Slain by an ice beast (7 damage)
             ... on level 3 of the Dungeon.
             The game lasted 00:02:35 (1582 turns).

n0claF the Chopper (Hill Orc Fighter)               Turns: 1582, Time: 00:02:35

Health: -4/41      AC:  7    Str: 19    XL:     4   Next: 95%
Magic:  4/4        EV:  7    Int:  8    God:
Gold:   133        SH:  9    Dex: 10    Spells: 3/3 levels left

rFire    . . .     SeeInvis .   a - +0 war axe
rCold    . . .     Gourm    .   c - +0 kite shield
rNeg     . . .     Faith    .   b - +0 scale mail
rPois    .         Spirit   .   (no helmet)
rElec    .         Reflect  .   (no cloak)
rCorr    .         Harm     .   (no gloves)
MR       .....                  (no boots)
Stlth    ..........             (no amulet)
HPRegen  0.13/turn              (no ring)
MPRegen  0.09/turn              (no ring)

@: no status effects
A: no striking features
a: no special abilities


You were on level 3 of the Dungeon.
You were not hungry.

You visited 1 branch of the dungeon, and saw 3 of its levels.

You collected 133 gold pieces.

Inventory:

Hand Weapons
 a - a +0 war axe (weapon)
Armour
 b - a +0 scale mail (worn)
 c - a +0 kite shield (worn)
Scrolls
 f - a scroll of remove curse {unknown}
 g - 3 scrolls of identify {unknown}
 i - 3 scrolls of noise {unknown}
 j - a scroll of random uselessness {unknown}
 l - a scroll of immolation {unknown}
Potions
 d - a potion of might
 h - a potion of heal wounds {unknown}
 m - a potion of degeneration {unknown}
Comestibles
 e - 2 rations {!d}
 k - 3 chunks of flesh


   Skills:
 + Level 4.4 Fighting
 * Level 4.6 Axes
 + Level 3.9 Armour
 + Level 3.9 Shields


You had 3 spell levels left.
You didn't know any spells.
Your spell library was empty.

Dungeon Overview and Level Annotations

Branches:
Dungeon (3/15)

Altars:
Ru


Message History

Found a scroll labeled JECYEM BOKYINT.
Your shield and scale mail prevent you from hitting the adder.
You block the adder's attack. The adder bites you but does no damage.
You closely miss the adder. The adder bites you.
You slice the adder!!
You kill the adder!
No target in view!
No target in view!
You butcher the adder corpse.
k - 4 chunks of flesh (gained 2)
You see here an adder skeleton. x2
You now have 133 gold pieces (gained 11).
Found 2 javelins.
An ice beast comes into view.
You closely miss the ice beast. The ice beast hits you.
The ice beast freezes you! You block the ice beast's attack.
You hit the ice beast but do no damage.
The ice beast hits you but does no damage.
You closely miss the ice beast. You block the ice beast's attack.
You hit the ice beast. The ice beast barely misses you.
You block the ice beast's attack.
You closely miss the ice beast. The ice beast barely misses you.
Some of the chunks of flesh in your inventory have rotted away.
You hit the ice beast but do no damage. The ice beast barely misses you.
The ice beast hits you.
* * * LOW HITPOINT WARNING * * *
The ice beast freezes you!
* * * LOW HITPOINT WARNING * * *
You barely miss the ice beast.
The ice beast hits you but does no damage.
Unknown command.
You hit the ice beast but do no damage. The ice beast barely misses you.
You closely miss the ice beast. You block the ice beast's attack.
The ice beast hits you but does no damage.
Unknown command.
You barely miss the ice beast. The ice beast hits you.
* * * LOW HITPOINT WARNING * * *
The ice beast freezes you.
* * * LOW HITPOINT WARNING * * *
You slash the ice beast!
The ice beast hits you but does no damage. x2
Unknown command.
You barely miss the ice beast. The ice beast closely misses you.
You hit the ice beast but do no damage. You block the ice beast's attack.
Unknown command.
You hit the ice beast but do no damage. You block the ice beast's attack.
The ice beast hits you.
* * * LOW HITPOINT WARNING * * *
The ice beast freezes you!
You die...

.... #.......##...........
..... #....##..............
......##.....#.##........().
.......รท.....#.####.#...#.##
#####.##.....#.# #.#...# #
#....##.# #.#...# # #.......#
#.#...#.# ###..#### #.##.##.#
#.@# #.......# ....(...Y..#
####..###
#..###.###.########.# # #.#
##.......# #.# ...#...#.####
#. #.#....... #. .....#.####
#. #.####..# # # #..# #


You could see an ice beast.

Vanquished Creatures
  A worker ant (D:3)
  3 adders
  An ooze (D:2)
  A worm (D:2)
  4 dart slugs
  A leopard gecko (D:1)
  6 bats
  2 giant cockroaches
  5 goblins (D:2)
  7 hobgoblins
  2 frilled lizards
  7 kobolds
  7 rats
47 creatures vanquished.

Notes
Turn   | Place    | Note
-------+----------+-------------------------------------------
     0 | D:1      | n0claF the Hill Orc Fighter began the quest for the Orb.
     0 | D:1      | Reached XP level 1. HP: 19/19 MP: 1/1
    58 | D:1      | Reached XP level 2. HP: 27/27 MP: 2/2
   556 | D:1      | Reached XP level 3. HP: 33/33 MP: 3/3
  1162 | D:2      | Found a sacrificial altar of Ru.
  1227 | D:2      | Reached XP level 4. HP: 40/40 MP: 4/4
  1568 | D:3      | Noticed an ice beast
  1582 | D:3      | Slain by an ice beast

Levels and vault maps discovered:
D:1:      minmay_arrival_solitary_statue, layout_basic
D:2:      layout_rooms, nicolae_ru_path_of_blood
D:3:      layout_loops_cross, cheibriados_altar_1, chequers_arboretum,
          minmay_increasing_density, uniq_purgy, uniq_terence

Skill      XL: |  1  2  3 |
---------------+----------+-----
Axes           | 3 4 |  4.6
Fighting       | 4 |  4.4
Armour         | |  3.9
Shields        | |  3.9

Action                   |  1- 3 |  4- 6 || total
-------------------------+-------+-------++-------
Melee: War axe           |    83 |    49 ||   132
  Eat: Chunk             |     1 |     1 ||     2
Armor: Scale mail        |    30 |    13 ||    43
Dodge: Dodged            |    26 |    12 ||    38
Block: Kite shield       |    38 |    28 ||    66

Table legend:
 A = Non-vault XP
 B = Vault XP
 C = Vault XP percentage of total XP
 D = Non-vault monster count
 E = Vault monster count
 F = Vault count percentage of total count
                 A         B        C        D         E       F
            +---------+---------+-------+---------+---------+-------
      Total |     161 |       0 |   0.0 |      47 |       0 |   0.0
            +---------+---------+-------+---------+---------+-------
        D:1 |      35 |       0 |   0.0 |      18 |       0 |   0.0
        D:2 |      60 |       0 |   0.0 |      24 |       0 |   0.0
        D:3 |      66 |       0 |   0.0 |       5 |       0 |   0.0
            +---------+---------+-------+---------+---------+-------
